Devils vs Jets
(R2)
Created - February 14, 2018 at 23:00
Goals
|
| Devils |
0 |
3 |
0 |
3 |
| Jets |
3 |
4 |
0 |
7 |
|
Shots
|
| Devils |
8 |
17 |
9 |
34 |
| Jets |
17 |
14 |
7 |
38 |
|
1st period
1. Jets , Alexander Frolov 10 (Derek Stepan 28, Devin Setoguchi 22) at 12:00
2. Jets , Tyler Myers 3 (Marcus Johansson 13, Joe Colborne 6) at 12:42
3. Jets , Dustin Brown 17 (Benoit Pouliot 35, Derek Roy 37) at 17:13
Penalties :
Tyler Cuma (NJD) for Hooking (Minor) at 1:09
2nd period
4. Devils , Erik Christensen 8 (Peter Prucha 6, Karl Alzner 8) at 0:55
5. Jets , Dustin Brown 18 (Derek Roy 38, Benoit Pouliot 36) at 4:10
6. Jets , Derek Roy 26 (Benoit Pouliot 37) at 7:47 (SH)
7. Jets , Alexander Frolov 11 (Erik Haula 10, Tyler Myers 18) at 8:03 (SH)
8. Devils , Matt Duchene 18 (Kurt Sauer 11, Martin St. Louis 15) at 10:23
9. Devils , Taylor Hall 12 (Matt Duchene 41, Jordan Eberle 27) at 19:06
10. Jets , Devin Setoguchi 11 (Shea Weber 13) at 19:31
Penalties :
Marco Scandella (Win) for Roughing (Minor) at 6:31, Tyler Cuma (NJD) for Holding (Minor) at 8:06, James Wright (Win) for Roughing (Minor) at 13:12
3rd period
No Goal
Penalties :
Benoit Pouliot (Win) for Cross-checking (Minor) at 2:18, Benoit Pouliot (Win) for Holding (Minor) at 4:58, Marco Scandella (Win) for Slashing (Minor) at 8:59, Mikko Koivu (NJD) for Slashing (Minor) at 17:37
Goalie Stats
Cam Ward (NJD), 15 saves from 19 shots - (0.789), L, 6-7-2, 24:10 minutes
James Reimer (NJD), 16 saves from 19 shots - (0.842), 35:50 minutes
Kari Lehtonen (Win), 31 saves from 34 shots - (0.912), W, 15-10-2, 60:00 minutes
Players Stats for Devils
Player Name G A P +/- PIM S H SB GA TA FO MP PP MP PK MP
------------------------------------------------------------------------------------
Anthony Stewart 0 0 0 -1 0 1 3 0 0 0 0/0 6:48 0:24 0:00
Brandon Bollig 0 0 0 -1 0 0 1 0 0 0 0/0 6:04 0:00 0:00
Darroll Powe 0 0 0 -1 0 4 1 0 0 0 3/7 9:40 0:08 3:28
Erik Christensen 1 0 1 1 0 3 1 1 0 0 3/8 9:55 0:00 0:09
Johnny Gaudreau 0 0 0 -2 0 2 3 1 0 1 0/0 17:30 4:20 0:44
Jordan Eberle 0 1 1 -3 0 1 3 0 0 0 0/1 22:26 4:47 1:22
Karl Alzner 0 1 1 1 0 3 4 2 0 0 0/0 22:37 3:46 2:37
Kellan Lain 0 0 0 1 0 0 0 1 0 0 0/0 9:43 0:24 0:00
Kurt Sauer 0 1 1 2 0 0 2 0 0 2 0/0 18:06 0:02 2:56
Kyle Cumiskey 0 0 0 -1 0 1 1 0 0 0 0/0 16:02 3:48 2:32
Martin St. Louis 0 1 1 -1 0 0 1 0 0 1 0/0 20:19 4:20 3:22
Matt Duchene 1 1 2 -2 0 5 5 0 2 1 23/35 22:33 5:03 0:50
Mike Komisarek 0 0 0 0 0 1 0 2 0 0 0/0 13:27 0:00 3:01
Mikko Koivu 0 0 0 -2 2 1 0 0 0 1 5/10 17:59 4:20 1:06
Peter Prucha 0 1 1 1 0 0 1 0 0 0 0/0 9:14 0:00 0:00
Ryan Whitney 0 0 0 -5 0 3 4 2 0 0 0/0 25:36 5:43 0:00
Taylor Hall 1 0 1 -3 0 7 0 1 0 0 1/2 21:33 4:47 0:05
Tyler Cuma 0 0 0 -4 4 2 0 2 0 2 0/0 24:28 5:42 0:00
Players Stats for Jets
Player Name G A P +/- PIM S H SB GA TA FO MP PP MP PK MP
------------------------------------------------------------------------------------
Alexander Frolov 2 0 2 3 0 8 1 0 1 0 1/3 20:38 2:28 5:00
Anton Volchenkov 0 0 0 4 0 0 0 1 1 2 0/0 17:39 0:26 5:32
Benoit Pouliot 0 3 3 3 4 5 1 1 1 0 1/2 18:45 2:34 0:54
Derek Roy 1 2 3 3 0 3 3 0 1 0 10/21 19:06 2:34 1:37
Derek Stepan 0 1 1 2 0 3 1 0 1 0 9/22 15:29 2:33 0:00
Devin Setoguchi 1 1 2 2 0 4 1 0 1 0 1/1 15:00 2:28 0:00
Dustin Brown 2 0 2 2 0 4 3 0 0 0 1/1 20:30 2:40 3:00
Eric Gelinas 0 0 0 1 0 1 0 1 0 0 0/0 18:00 1:58 1:22
Erik Haula 0 1 1 -1 0 1 0 0 0 0 2/7 12:26 0:26 5:07
James Wright 0 0 0 -2 2 0 1 1 0 0 0/0 7:03 0:26 0:00
Joe Colborne 0 1 1 0 0 1 0 1 0 0 3/6 12:39 0:00 2:27
Josh Bailey 0 0 0 -2 0 1 3 0 0 0 0/0 6:09 0:00 0:00
Justin Falk 0 0 0 2 0 1 0 0 0 0 0/0 11:05 0:00 0:00
Lee Stempniak 0 0 0 0 0 1 7 0 0 0 0/0 10:37 0:25 0:00
Marco Scandella 0 0 0 -1 4 0 3 1 0 0 0/0 24:02 3:09 2:45
Marcus Johansson 0 1 1 0 0 2 0 1 0 0 0/0 11:15 0:00 0:57
Shea Weber 0 1 1 -2 0 1 1 1 0 0 0/0 24:33 2:03 4:26
Tyler Myers 1 1 2 4 0 2 2 0 2 0 0/0 25:03 3:35 4:57
3 Stars
1 - Derek Roy (Win)
2 - Alexander Frolov (Win)
3 - Dustin Brown (Win)
Power Play
Devils - 0 on 6 Attempt(s) - 0.00%
Jets - 0 on 3 Attempt(s) - 0.00%
Penalty Kill
Devils - 3 on 3 Attempt(s) - 100.00%
- Score 0 goal in Penalty Kill
Jets - 6 on 6 Attempt(s) - 100.00%
- Score 2 goal in Penalty Kill
Team Stat
Devils - Hits : 30 - Faceoff Wins : 35 - Blocked Shots : 12 - Penalty Minutes : 6
Jets - Hits : 27 - Faceoff Wins : 28 - Blocked Shots : 8 - Penalty Minutes : 10
Official
Referees : Ciamaga Chris and Charron Francis
Linesman : Lyle Seitz and Ryan Galloway
Game Notes
James Reimer enters game at 4:10 of 2nd period
1:15 of 3rd period - Penalty Shot by Anton Volchenkov for Jets - Stopped by James Reimer
Finance
Level 1 -- Attendance: 5936 (98.93%) -- Ticket Income $463,008
Level 2 -- Attendance: 4823 (96.46%) -- Ticket Income $250,796
Level 3 -- Attendance: 2000 (100.00%) -- Ticket Income $58,000
Level 4 -- Attendance: 3418 (85.45%) -- Ticket Income $88,868
Luxury Box -- Attendance: 1000 (100.00%) -- Ticket Income $160,000
Game was played at the MTS Center.
Total Attendance: 17177 (95.43%)
Total Ticket Income: $1,020,672
Other Income: $153,101
Total Income: $1,173,773
Devils
5 vs 5 Forward
Center Left Wing Right Wing Time % Phy DF OF
1 Matt Duchene Taylor Hall Jordan Eberle 40 0 2 3
2 Mikko Koivu Johnny Gaudreau Martin St. Louis 30 0 2 3
3 Erik Christensen Kellan Lain Peter Prucha 20 0 2 3
4 Darroll Powe Brandon Bollig Anthony Stewart 10 0 2 3
5 vs 5 Defense
Defense Defense Time % Phy DF OF
1 Ryan Whitney Tyler Cuma 40 1 2 2
2 Karl Alzner Kurt Sauer 30 1 2 2
3 Mike Komisarek Kyle Cumiskey 20 1 2 2
4 Ryan Whitney Karl Alzner 10 1 2 2
PowerPlay Forward
Center Left Wing Right Wing Time % Phy DF OF
1 Matt Duchene Taylor Hall Jordan Eberle 60 0 2 3
2 Mikko Koivu Johnny Gaudreau Martin St. Louis 40 0 2 3
PowerPlay Defense
Defense Defense Time % Phy DF OF
1 Tyler Cuma Ryan Whitney 60 1 2 2
2 Karl Alzner Kyle Cumiskey 40 1 2 2
Penalty Kill 4 Players Forward
Center Wing Time % Phy DF OF
1 Darroll Powe Martin St. Louis 60 1 2 2
2 Mikko Koivu Jordan Eberle 40 1 2 2
Penalty Kill 4 Players Defense
Defense Defense Time % Phy DF OF
1 Kurt Sauer Mike Komisarek 60 1 2 2
2 Kyle Cumiskey Karl Alzner 40 1 2 2
Penalty Kill - 3 Players Forward
Forward Time % Phy DF OF
1 Darroll Powe 60 1 2 2
2 Jordan Eberle 40 1 2 2
Penalty Kill - 3 Players Defense
Defense Defense Time % Phy DF OF
1 Kurt Sauer Mike Komisarek 60 1 2 2
2 Ryan Whitney Karl Alzner 40 1 2 2
4 vs 4 Forward
Center Wing Time % Phy DF OF
1 Erik Christensen Taylor Hall 60 1 2 2
2 Matt Duchene Jordan Eberle 40 1 2 2
4 vs 4 Defense
Defense Defense Time % Phy DF OF
1 Karl Alzner Mike Komisarek 60 1 2 2
2 Ryan Whitney Tyler Cuma 40 1 2 2
Last Minutes Offensive
Center Left Wing Right Wing Defense Defense
Matt Duchene Taylor Hall Jordan Eberle Ryan Whitney Tyler Cuma
Last Minutes Defensive
Center Left Wing Right Wing Defense Defense
Darroll Powe Brandon Bollig Jordan Eberle Kurt Sauer Mike Komisarek
Goaltenders
Starting : Cam Ward
Backup : James Reimer
Extra Forwards
Normal : Johnny Gaudreau, Taylor Hall, Erik Christensen - PP : Martin St. Louis, Taylor Hall - PK : Martin St. Louis
Extra Defensemen
Normal : Kyle Cumiskey, Kurt Sauer, Karl Alzner - PP : Tyler Cuma - PK : Kurt Sauer, Tyler Cuma
Penalty Shots
Jordan Eberle, Taylor Hall, Peter Prucha, Matt Duchene, Martin St. Louis
Scratches
Dan Boyle (Healthy), Robyn Regehr (Healthy), Steve Ott (Healthy)
Jets
5 vs 5 Forward
Center Left Wing Right Wing Time % Phy DF OF
1 Derek Roy Benoit Pouliot Dustin Brown 35 1 2 2
2 Derek Stepan Alexander Frolov Devin Setoguchi 30 1 2 2
3 Joe Colborne Marcus Johansson Lee Stempniak 23 0 3 2
4 James Wright Erik Haula Josh Bailey 12 1 2 2
5 vs 5 Defense
Defense Defense Time % Phy DF OF
1 Shea Weber Marco Scandella 40 1 3 1
2 Tyler Myers Eric Gelinas 30 1 2 2
3 Anton Volchenkov Justin Falk 25 1 2 2
4 Shea Weber Tyler Myers 5 1 2 2
PowerPlay Forward
Center Left Wing Right Wing Time % Phy DF OF
1 Derek Roy Benoit Pouliot Dustin Brown 60 1 0 4
2 Derek Stepan Alexander Frolov Devin Setoguchi 40 1 0 4
PowerPlay Defense
Defense Defense Time % Phy DF OF
1 Marco Scandella Tyler Myers 60 1 1 3
2 Eric Gelinas Shea Weber 40 0 1 4
Penalty Kill 4 Players Forward
Center Wing Time % Phy DF OF
1 Erik Haula Alexander Frolov 60 1 2 2
2 Joe Colborne Dustin Brown 40 1 2 2
Penalty Kill 4 Players Defense
Defense Defense Time % Phy DF OF
1 Tyler Myers Marco Scandella 60 1 2 2
2 Shea Weber Anton Volchenkov 40 1 2 2
Penalty Kill - 3 Players Forward
Forward Time % Phy DF OF
1 Erik Haula 60 1 2 2
2 Alexander Frolov 40 1 2 2
Penalty Kill - 3 Players Defense
Defense Defense Time % Phy DF OF
1 Shea Weber Tyler Myers 60 1 2 2
2 Marco Scandella Anton Volchenkov 40 1 2 2
4 vs 4 Forward
Center Wing Time % Phy DF OF
1 Derek Stepan Dustin Brown 60 1 2 2
2 Derek Roy Benoit Pouliot 40 1 2 2
4 vs 4 Defense
Defense Defense Time % Phy DF OF
1 Marco Scandella Tyler Myers 60 1 2 2
2 Shea Weber Eric Gelinas 40 1 2 2
Last Minutes Offensive
Center Left Wing Right Wing Defense Defense
Derek Roy Benoit Pouliot Dustin Brown Marco Scandella Shea Weber
Last Minutes Defensive
Center Left Wing Right Wing Defense Defense
Derek Roy Erik Haula Alexander Frolov Shea Weber Tyler Myers
Goaltenders
Starting : Kari Lehtonen
Backup : Jacob Markstrom
Extra Forwards
Normal : Derek Roy, Benoit Pouliot, Dustin Brown - PP : Derek Roy, Benoit Pouliot - PK : Dustin Brown
Extra Defensemen
Normal : Shea Weber, Tyler Myers, Marco Scandella - PP : Shea Weber - PK : Anton Volchenkov, Tyler Myers
Penalty Shots
Derek Roy, Benoit Pouliot, Dustin Brown, Derek Stepan, Erik Haula
Scratches
Eric Fehr (Healthy), Fredrik Sjostrom (Healthy), Kevin Klein (Healthy), Michael Rupp (Healthy), Tomas Kundratek (Chest/Ribs Injury)
% Time on Ice - Devils
Lines # - Real PCT - Wanted PCT - Time Play
Normal Forward
1 - 38% - 40% - 16:48
2 - 28% - 30% - 12:26
3 - 21% - 20% - 9:14
4 - 14% - 10% - 6:04
Normal Defense
1 - 41% - 40% - 18:24
2 - 32% - 30% - 14:21
3 - 21% - 20% - 9:19
4 - 6% - 10% - 2:28
PP Forward
1 - 54% - 60% - 5:11
2 - 46% - 40% - 4:20
PP Defense
1 - 60% - 60% - 5:43
2 - 40% - 40% - 3:48
PK Forward
1 - 71% - 60% - 3:56
2 - 29% - 40% - 1:37
PK Defense
1 - 54% - 60% - 3:01
2 - 46% - 40% - 2:32
PK3 Forward
1 - 0% - 60%
2 - 0% - 40%
PK3 Defense
1 - 0% - 60%
2 - 0% - 40%
44 Forward
1 - 100% - 60% - 0:24
2 - 0% - 40% - 0:00
44 Defense
1 - 100% - 60% - 0:24
2 - 0% - 40% - 0:00
Last Minute Offensive - 0:00
Last Minute Defensive - 0:00
Total
Forward - 60:00
Defense - 60:00
|
% Time on Ice - Jets
Lines # - Real PCT - Wanted PCT - Time Play
Normal Forward
1 - 35% - 35% - 15:39
2 - 28% - 30% - 12:32
3 - 23% - 23% - 10:12
4 - 14% - 12% - 6:09
Normal Defense
1 - 42% - 40% - 18:39
2 - 31% - 30% - 13:54
3 - 25% - 25% - 11:05
4 - 2% - 5% - 0:54
PP Forward
1 - 56% - 60% - 3:08
2 - 44% - 40% - 2:25
PP Defense
1 - 65% - 60% - 3:35
2 - 35% - 40% - 1:58
PK Forward
1 - 74% - 60% - 7:04
2 - 26% - 40% - 2:27
PK Defense
1 - 66% - 60% - 6:19
2 - 34% - 40% - 3:12
PK3 Forward
1 - 0% - 60%
2 - 0% - 40%
PK3 Defense
1 - 0% - 60%
2 - 0% - 40%
44 Forward
1 - 100% - 60% - 0:24
2 - 0% - 40% - 0:00
44 Defense
1 - 100% - 60% - 0:24
2 - 0% - 40% - 0:00
Last Minute Offensive - 0:00
Last Minute Defensive - 0:00
Total
Forward - 60:00
Defense - 60:00
|
Play by Play
1st period
0:01 of 1st period - Derek Roy wins face-off versus Matt Duchene in neutral zone.
0:04 of 1st period - Slapshot by Benoit Pouliot.
0:04 of 1st period - Deflect By Dustin Brown.
0:04 of 1st period - Shot Misses the Net.
0:04 of 1st period - Puck is out of play.
0:05 of 1st period - Matt Duchene wins face-off versus Derek Roy in Devils zone.
0:22 of 1st period - Shea Weber is hit by Jordan Eberle and loses puck.
1:09 of 1st period - Minor Penalty to Tyler Cuma for Hooking.
1:10 of 1st period - Derek Stepan wins face-off versus Darroll Powe in Devils zone.
1:22 of 1st period - Darroll Powe is hit by Derek Stepan and loses puck.
2:41 of 1st period - Karl Alzner is hit by Lee Stempniak and loses puck.
2:50 of 1st period - Backhand shot by Lee Stempniak.
2:50 of 1st period - Shot Misses the Net.
3:09 of 1st period - Penalty to Tyler Cuma is over, Tyler Cuma is back on ice.
3:14 of 1st period - Wrist shot by Erik Christensen.
3:14 of 1st period - Shot Misses the Net.
4:28 of 1st period - Jordan Eberle is hit by Marco Scandella and loses puck.
4:39 of 1st period - Anton Volchenkov is hit by Martin St. Louis and loses puck.
5:28 of 1st period - Kurt Sauer is hit by Dustin Brown and loses puck.
6:06 of 1st period - Mike Komisarek is hit by James Wright and loses puck.
6:38 of 1st period - Eric Gelinas is hit by Anthony Stewart and loses puck.
7:19 of 1st period - Dustin Brown is hit by Karl Alzner and loses puck.
7:49 of 1st period - Mike Komisarek is hit by Lee Stempniak and loses puck.
8:10 of 1st period - Snap shot by Derek Stepan.
8:10 of 1st period - Shot Blocked by Mike Komisarek.
8:24 of 1st period - James Wright is hit by Karl Alzner and loses puck.
8:31 of 1st period - Karl Alzner is hit by Josh Bailey and loses puck.
9:12 of 1st period - Wrist shot by Devin Setoguchi.
9:12 of 1st period - Deflect By Alexander Frolov.
9:12 of 1st period - Stopped by Cam Ward with a rebound.
9:14 of 1st period - Snap shot by Alexander Frolov.
9:14 of 1st period - Stopped by Cam Ward with a rebound.
9:16 of 1st period - Slapshot by Justin Falk.
9:16 of 1st period - Deflect By Kurt Sauer.
9:16 of 1st period - Stopped by Cam Ward with a rebound.
9:36 of 1st period - Snap shot by Lee Stempniak.
9:36 of 1st period - Stopped by Cam Ward with a rebound.
9:48 of 1st period - Martin St. Louis is hit by Derek Roy and loses puck.
10:28 of 1st period - Snap shot by Josh Bailey.
10:28 of 1st period - Stopped by Cam Ward with a rebound.
10:30 of 1st period - Wrist shot by James Wright.
10:30 of 1st period - Shot Misses the Net.
10:32 of 1st period - Snap shot by James Wright.
10:32 of 1st period - Shot Misses the Net.
10:34 of 1st period - Slapshot by Shea Weber.
10:34 of 1st period - Stopped by Cam Ward with a rebound.
10:44 of 1st period - Eric Gelinas is hit by Jordan Eberle and loses puck.
10:51 of 1st period - Wrist shot by Taylor Hall.
10:51 of 1st period - Stopped by Kari Lehtonen without a rebound.
10:52 of 1st period - Mikko Koivu wins face-off versus Derek Stepan in Jets zone.
10:56 of 1st period - Icing by Tyler Myers.
10:57 of 1st period - Mikko Koivu wins face-off versus Derek Stepan in Jets zone.
11:24 of 1st period - Derek Stepan is hit by Kurt Sauer.
11:40 of 1st period - Slapshot by Johnny Gaudreau.
11:40 of 1st period - Stopped by Kari Lehtonen with a rebound.
11:58 of 1st period - Wrist shot by Derek Stepan.
11:58 of 1st period - Stopped by Cam Ward with a rebound.
12:00 of 1st period - Snap shot by Alexander Frolov.
12:00 of 1st period - Goal by Alexander Frolov - Devils : 0 - Jets : 1.
12:01 of 1st period - Matt Duchene wins face-off versus Derek Roy in neutral zone.
12:18 of 1st period - Slapshot by Dustin Brown.
12:18 of 1st period - Shot Misses the Net.
12:38 of 1st period - Wrist shot by Joe Colborne.
12:38 of 1st period - Stopped by Cam Ward without a rebound.
12:39 of 1st period - Joe Colborne wins face-off versus Darroll Powe in Devils zone.
12:40 of 1st period - Snap shot by Marcus Johansson.
12:40 of 1st period - Stopped by Cam Ward with a rebound.
12:42 of 1st period - Snap shot by Tyler Myers.
12:42 of 1st period - Goal by Tyler Myers - Devils : 0 - Jets : 2.
12:43 of 1st period - Matt Duchene wins face-off versus Derek Roy in neutral zone.
12:48 of 1st period - Snap shot by Taylor Hall.
12:48 of 1st period - Shot Misses the Net.
12:56 of 1st period - Backhand shot by Jordan Eberle.
12:56 of 1st period - Shot Misses the Net.
12:58 of 1st period - Slapshot by Tyler Cuma.
12:58 of 1st period - Stopped by Kari Lehtonen with a rebound.
13:00 of 1st period - Snap shot by Jordan Eberle.
13:00 of 1st period - Shot Misses the Net.
13:36 of 1st period - Slapshot by Karl Alzner.
13:36 of 1st period - Stopped by Kari Lehtonen without a rebound.
13:37 of 1st period - Matt Duchene wins face-off versus Derek Roy in Jets zone.
14:15 of 1st period - Snap shot by Karl Alzner.
14:15 of 1st period - Shot Blocked by Anton Volchenkov.
14:17 of 1st period - Snap shot by Mikko Koivu.
14:17 of 1st period - Stopped by Kari Lehtonen without a rebound.
14:18 of 1st period - Joe Colborne wins face-off versus Erik Christensen in Jets zone.
14:18 of 1st period - Joe Colborne is hit by Erik Christensen.
14:30 of 1st period - Snap shot by Erik Christensen.
14:30 of 1st period - Stopped by Kari Lehtonen with a rebound.
14:32 of 1st period - Slapshot by Kellan Lain.
14:32 of 1st period - Shot Misses the Net.
14:34 of 1st period - Slapshot by Erik Christensen.
14:34 of 1st period - Shot Misses the Net.
15:09 of 1st period - Derek Stepan is hit by Darroll Powe and loses puck.
15:14 of 1st period - Snap shot by Darroll Powe.
15:14 of 1st period - Shot Misses the Net.
15:16 of 1st period - Slapshot by Darroll Powe.
15:16 of 1st period - Stopped by Kari Lehtonen without a rebound.
15:17 of 1st period - Matt Duchene wins face-off versus Derek Stepan in Jets zone.
15:17 of 1st period - Matt Duchene is hit by Tyler Myers.
15:27 of 1st period - Slapshot by Taylor Hall.
15:27 of 1st period - Stopped by Kari Lehtonen with a rebound.
15:50 of 1st period - Snap shot by Benoit Pouliot.
15:50 of 1st period - Shot Misses the Net.
15:52 of 1st period - Slapshot by Tyler Myers.
15:52 of 1st period - Shot Blocked by Karl Alzner.
15:54 of 1st period - Wrist shot by Benoit Pouliot.
15:54 of 1st period - Stopped by Cam Ward without a rebound.
15:55 of 1st period - Joe Colborne wins face-off versus Erik Christensen in Devils zone.
16:17 of 1st period - Icing by Ryan Whitney.
16:18 of 1st period - Derek Roy wins face-off versus Erik Christensen in Devils zone.
16:19 of 1st period - Wrist shot by Dustin Brown.
16:19 of 1st period - Shot Blocked by Tyler Cuma.
16:21 of 1st period - Snap shot by Benoit Pouliot.
16:21 of 1st period - Deflect By Kellan Lain.
16:21 of 1st period - Shot Blocked by Ryan Whitney.
16:21 of 1st period - Puck is out of play.
16:22 of 1st period - Matt Duchene wins face-off versus Derek Roy in Devils zone.
16:22 of 1st period - Matt Duchene is hit by Dustin Brown.
16:29 of 1st period - Wrist shot by Benoit Pouliot.
16:29 of 1st period - Shot Misses the Net.
16:31 of 1st period - Snap shot by Derek Roy.
16:31 of 1st period - Shot Misses the Net.
16:33 of 1st period - Wrist shot by Derek Roy.
16:33 of 1st period - Stopped by Cam Ward with a rebound.
16:35 of 1st period - Wrist shot by Dustin Brown.
16:35 of 1st period - Shot Blocked by Taylor Hall.
16:37 of 1st period - Slapshot by Eric Gelinas.
16:37 of 1st period - Stopped by Cam Ward with a rebound.
16:39 of 1st period - Snap shot by Derek Roy.
16:39 of 1st period - Stopped by Cam Ward without a rebound.
16:40 of 1st period - Mikko Koivu wins face-off versus Alexander Frolov in Devils zone.
16:40 of 1st period - Mikko Koivu is hit by Marco Scandella.
17:06 of 1st period - Tyler Cuma is hit by Derek Roy and loses puck.
17:11 of 1st period - Wrist shot by Benoit Pouliot.
17:11 of 1st period - Shot Misses the Net.
17:13 of 1st period - Slapshot by Dustin Brown.
17:13 of 1st period - Goal by Dustin Brown - Devils : 0 - Jets : 3.
17:14 of 1st period - Derek Roy wins face-off versus Matt Duchene in neutral zone.
17:17 of 1st period - Ryan Whitney is hit by Derek Roy.
17:29 of 1st period - Snap shot by Benoit Pouliot.
17:29 of 1st period - Stopped by Cam Ward with a rebound.
18:28 of 1st period - Peter Prucha is hit by Tyler Myers.
19:44 of 1st period - Johnny Gaudreau is hit by Josh Bailey and loses puck.
Goals for this period are 0 for Devils vs 3 for Jets.
Shots for this period are 8 for Devils vs 17 for Jets.
2nd period
0:01 of 2nd period - Matt Duchene wins face-off versus Derek Roy in neutral zone.
0:51 of 2nd period - Wrist shot by Erik Christensen.
0:51 of 2nd period - Shot Blocked by Shea Weber.
0:53 of 2nd period - Slapshot by Karl Alzner.
0:53 of 2nd period - Deflect By Marco Scandella.
0:53 of 2nd period - Stopped by Kari Lehtonen with a rebound.
0:55 of 2nd period - Snap shot by Peter Prucha.
0:55 of 2nd period - Deflect By Erik Christensen.
0:55 of 2nd period - Goal by Erik Christensen - Devils : 1 - Jets : 3.
0:56 of 2nd period - Matt Duchene wins face-off versus Derek Stepan in neutral zone.
1:33 of 2nd period - Wrist shot by Derek Roy.
1:33 of 2nd period - Deflect By Martin St. Louis.
1:33 of 2nd period - Shot Misses the Net.
1:33 of 2nd period - Puck is out of play.
1:34 of 2nd period - Darroll Powe wins face-off versus Joe Colborne in Devils zone.
1:34 of 2nd period - Darroll Powe is hit by Lee Stempniak.
1:45 of 2nd period - Joe Colborne is hit by Ryan Whitney and loses puck.
2:02 of 2nd period - Slapshot by Taylor Hall.
2:02 of 2nd period - Stopped by Kari Lehtonen without a rebound.
2:03 of 2nd period - Matt Duchene wins face-off versus Derek Roy in Jets zone.
2:14 of 2nd period - Snap shot by Matt Duchene.
2:14 of 2nd period - Stopped by Kari Lehtonen without a rebound.
2:15 of 2nd period - Matt Duchene wins face-off versus Derek Stepan in Jets zone.
2:18 of 2nd period - Snap shot by Matt Duchene.
2:18 of 2nd period - Stopped by Kari Lehtonen without a rebound.
2:19 of 2nd period - Derek Stepan wins face-off versus Matt Duchene in Jets zone.
2:35 of 2nd period - Snap shot by Matt Duchene.
2:35 of 2nd period - Stopped by Kari Lehtonen with a rebound.
3:15 of 2nd period - Wrist shot by Erik Christensen.
3:15 of 2nd period - Shot Misses the Net.
3:17 of 2nd period - Slapshot by Tyler Cuma.
3:17 of 2nd period - Shot Misses the Net.
3:19 of 2nd period - Slapshot by Ryan Whitney.
3:19 of 2nd period - Stopped by Kari Lehtonen with a rebound.
3:48 of 2nd period - Wrist shot by Derek Stepan.
3:48 of 2nd period - Shot Misses the Net.
3:50 of 2nd period - Snap shot by Devin Setoguchi.
3:50 of 2nd period - Stopped by Cam Ward without a rebound.
3:51 of 2nd period - Matt Duchene wins face-off versus Derek Stepan in Devils zone.
3:58 of 2nd period - Snap shot by Mike Komisarek.
3:58 of 2nd period - Stopped by Kari Lehtonen without a rebound.
3:59 of 2nd period - Dustin Brown wins face-off versus Matt Duchene in Jets zone.
4:08 of 2nd period - Slapshot by Derek Roy.
4:08 of 2nd period - Shot Blocked by Mike Komisarek.
4:10 of 2nd period - Snap shot by Dustin Brown.
4:10 of 2nd period - Goal by Dustin Brown - Devils : 1 - Jets : 4.
4:10 of 2nd period - James Reimer enters game.
4:11 of 2nd period - Matt Duchene wins face-off versus Derek Stepan in neutral zone.
4:13 of 2nd period - Kurt Sauer is hit by Alexander Frolov and loses puck.
5:30 of 2nd period - Slapshot by Karl Alzner.
5:30 of 2nd period - Stopped by Kari Lehtonen with a rebound.
5:32 of 2nd period - Snap shot by Johnny Gaudreau.
5:32 of 2nd period - Stopped by Kari Lehtonen without a rebound.
5:33 of 2nd period - Derek Roy wins face-off versus Matt Duchene in Jets zone.
5:33 of 2nd period - Derek Roy is hit by Matt Duchene.
5:44 of 2nd period - Snap shot by Benoit Pouliot.
5:44 of 2nd period - Stopped by James Reimer with a rebound.
6:03 of 2nd period - Snap shot by Benoit Pouliot.
6:03 of 2nd period - Stopped by James Reimer with a rebound.
6:07 of 2nd period - Slapshot by Dustin Brown.
6:07 of 2nd period - Stopped by James Reimer with a rebound.
6:09 of 2nd period - Wrist shot by Benoit Pouliot.
6:09 of 2nd period - Stopped by James Reimer without a rebound.
6:10 of 2nd period - Derek Stepan wins face-off versus Erik Christensen in Devils zone.
6:31 of 2nd period - Minor Penalty to Marco Scandella for Roughing.
6:32 of 2nd period - Erik Haula wins face-off versus Matt Duchene in Jets zone.
7:47 of 2nd period - Wrist shot by Derek Roy.
7:47 of 2nd period - Goal by Derek Roy - Devils : 1 - Jets : 5.
7:48 of 2nd period - Erik Haula wins face-off versus Matt Duchene in neutral zone.
8:01 of 2nd period - Wrist shot by Erik Haula.
8:01 of 2nd period - Stopped by James Reimer with a rebound.
8:03 of 2nd period - Wrist shot by Alexander Frolov.
8:03 of 2nd period - Goal by Alexander Frolov - Devils : 1 - Jets : 6.
8:04 of 2nd period - Matt Duchene wins face-off versus Erik Haula in neutral zone.
8:06 of 2nd period - Minor Penalty to Tyler Cuma for Holding.
8:07 of 2nd period - Erik Christensen wins face-off versus Derek Stepan in Devils zone.
8:23 of 2nd period - Wrist shot by Dustin Brown.
8:23 of 2nd period - Stopped by James Reimer without a rebound.
8:24 of 2nd period - Erik Christensen wins face-off versus Derek Stepan in Devils zone.
8:31 of 2nd period - Penalty to Marco Scandella is over, Marco Scandella is back on ice.
8:35 of 2nd period - Slapshot by Taylor Hall.
8:35 of 2nd period - Stopped by Kari Lehtonen without a rebound.
8:36 of 2nd period - Derek Roy wins face-off versus Darroll Powe in Jets zone.
8:53 of 2nd period - Slapshot by Marco Scandella.
8:53 of 2nd period - Shot Misses the Net.
9:06 of 2nd period - Icing by Devin Setoguchi.
9:07 of 2nd period - Derek Stepan wins face-off versus Darroll Powe in Jets zone.
9:56 of 2nd period - Darroll Powe is hit by Benoit Pouliot and loses puck.
10:06 of 2nd period - Penalty to Tyler Cuma is over, Tyler Cuma is back on ice.
10:23 of 2nd period - Wrist shot by Matt Duchene.
10:23 of 2nd period - Deflect By Eric Gelinas.
10:23 of 2nd period - Goal by Matt Duchene - Devils : 2 - Jets : 6.
10:24 of 2nd period - Matt Duchene wins face-off versus Derek Roy in neutral zone.
10:27 of 2nd period - Slapshot by Ryan Whitney.
10:27 of 2nd period - Stopped by Kari Lehtonen without a rebound.
10:28 of 2nd period - Derek Roy wins face-off versus Matt Duchene in Jets zone.
10:55 of 2nd period - Derek Stepan is hit by Johnny Gaudreau and loses puck.
11:46 of 2nd period - Wrist shot by Anthony Stewart.
11:46 of 2nd period - Stopped by Kari Lehtonen without a rebound.
11:47 of 2nd period - Benoit Pouliot wins face-off versus Matt Duchene in Jets zone.
11:47 of 2nd period - Benoit Pouliot is hit by Jordan Eberle.
11:50 of 2nd period - Derek Roy is hit by Matt Duchene and loses puck.
12:53 of 2nd period - Kurt Sauer is hit by Marco Scandella and loses puck.
13:02 of 2nd period - Snap shot by Brandon Bollig.
13:02 of 2nd period - Shot Blocked by James Wright.
13:04 of 2nd period - Slapshot by Karl Alzner.
13:04 of 2nd period - Shot Blocked by Marco Scandella.
13:12 of 2nd period - Minor Penalty to James Wright for Roughing.
13:13 of 2nd period - Matt Duchene wins face-off versus Erik Haula in Jets zone.
13:26 of 2nd period - Alexander Frolov is hit by Ryan Whitney and loses puck.
13:39 of 2nd period - Tyler Myers is hit by Johnny Gaudreau and loses puck.
14:48 of 2nd period - Tyler Myers is hit by Karl Alzner and loses puck.
15:12 of 2nd period - Penalty to James Wright is over, James Wright is back on ice.
15:21 of 2nd period - Benoit Pouliot is hit by Kurt Sauer and loses puck.
15:46 of 2nd period - Wrist shot by Joe Colborne.
15:46 of 2nd period - Shot Misses the Net.
15:48 of 2nd period - Slapshot by Tyler Myers.
15:48 of 2nd period - Stopped by James Reimer without a rebound.
15:49 of 2nd period - Erik Christensen wins face-off versus Joe Colborne in Devils zone.
16:00 of 2nd period - Wrist shot by Erik Christensen.
16:00 of 2nd period - Shot Blocked by Joe Colborne.
16:19 of 2nd period - Wrist shot by Taylor Hall.
16:19 of 2nd period - Stopped by Kari Lehtonen without a rebound.
16:20 of 2nd period - Derek Roy wins face-off versus Matt Duchene in Jets zone.
16:51 of 2nd period - Martin St. Louis is hit by Shea Weber and loses puck.
16:58 of 2nd period - Wrist shot by Devin Setoguchi.
16:58 of 2nd period - Shot Blocked by Johnny Gaudreau.
17:16 of 2nd period - Anton Volchenkov is hit by Karl Alzner and loses puck.
18:00 of 2nd period - Wrist shot by Jordan Eberle.
18:00 of 2nd period - Stopped by Kari Lehtonen without a rebound.
18:01 of 2nd period - Mikko Koivu wins face-off versus Derek Stepan in Jets zone.
19:06 of 2nd period - Slapshot by Taylor Hall.
19:06 of 2nd period - Goal by Taylor Hall - Devils : 3 - Jets : 6.
19:07 of 2nd period - Derek Stepan wins face-off versus Mikko Koivu in neutral zone.
19:12 of 2nd period - Wrist shot by Derek Stepan.
19:12 of 2nd period - Stopped by James Reimer without a rebound.
19:13 of 2nd period - Alexander Frolov wins face-off versus Mikko Koivu in Devils zone.
19:16 of 2nd period - Wrist shot by Derek Stepan.
19:16 of 2nd period - Stopped by James Reimer without a rebound.
19:17 of 2nd period - Devin Setoguchi wins face-off versus Mikko Koivu in Devils zone.
19:31 of 2nd period - Snap shot by Devin Setoguchi.
19:31 of 2nd period - Goal by Devin Setoguchi - Devils : 3 - Jets : 7.
19:32 of 2nd period - Derek Roy wins face-off versus Taylor Hall in neutral zone.
Goals for this period are 3 for Devils vs 4 for Jets.
Shots for this period are 17 for Devils vs 14 for Jets.
3rd period
0:01 of 3rd period - Matt Duchene wins face-off versus Benoit Pouliot in neutral zone.
0:04 of 3rd period - Dustin Brown is hit by Matt Duchene and loses puck.
0:11 of 3rd period - Slapshot by Taylor Hall.
0:11 of 3rd period - Shot Misses the Net.
0:17 of 3rd period - Slapshot by Taylor Hall.
0:17 of 3rd period - Shot Blocked by Benoit Pouliot.
0:49 of 3rd period - Eric Gelinas is hit by Brandon Bollig and loses puck.
1:15 of 3rd period - Penalty Shot by Anton Volchenkov for Jets.
1:15 of 3rd period - Backhand shot by Anton Volchenkov.
1:15 of 3rd period - Stopped by James Reimer.
1:16 of 3rd period - Matt Duchene wins face-off versus Derek Stepan in Jets zone.
1:16 of 3rd period - Snap shot by Taylor Hall.
1:16 of 3rd period - Stopped by Kari Lehtonen without a rebound.
1:17 of 3rd period - Derek Stepan wins face-off versus Matt Duchene in Jets zone.
1:17 of 3rd period - Derek Stepan is hit by Matt Duchene.
2:18 of 3rd period - Minor Penalty to Benoit Pouliot for Cross-checking.
2:19 of 3rd period - Matt Duchene wins face-off versus Erik Haula in Jets zone.
4:18 of 3rd period - Penalty to Benoit Pouliot is over, Benoit Pouliot is back on ice.
4:31 of 3rd period - Karl Alzner is hit by Lee Stempniak and loses puck.
4:58 of 3rd period - Minor Penalty to Benoit Pouliot for Holding.
4:59 of 3rd period - Matt Duchene wins face-off versus Erik Haula in Jets zone.
5:34 of 3rd period - Shea Weber is hit by Ryan Whitney and loses puck.
6:13 of 3rd period - Kyle Cumiskey is hit by Dustin Brown and loses puck.
6:48 of 3rd period - Derek Roy is hit by Johnny Gaudreau and loses puck.
6:58 of 3rd period - Penalty to Benoit Pouliot is over, Benoit Pouliot is back on ice.
7:16 of 3rd period - Wrist shot by Alexander Frolov.
7:16 of 3rd period - Stopped by James Reimer without a rebound.
7:17 of 3rd period - Matt Duchene wins face-off versus Derek Roy in Devils zone.
7:54 of 3rd period - Kellan Lain is hit by Lee Stempniak and loses puck.
8:22 of 3rd period - Off-side.
8:23 of 3rd period - Matt Duchene wins face-off versus Derek Roy in neutral zone.
8:38 of 3rd period - Wrist shot by Derek Roy.
8:38 of 3rd period - Shot Misses the Net.
8:55 of 3rd period - Slapshot by Mike Komisarek.
8:55 of 3rd period - Deflect By Erik Christensen.
8:55 of 3rd period - Stopped by Kari Lehtonen with a rebound.
8:57 of 3rd period - Wrist shot by Kyle Cumiskey.
8:57 of 3rd period - Stopped by Kari Lehtonen without a rebound.
8:58 of 3rd period - Derek Stepan wins face-off versus Mikko Koivu in Jets zone.
8:58 of 3rd period - Derek Stepan is hit by Ryan Whitney.
8:59 of 3rd period - Minor Penalty to Marco Scandella for Slashing.
9:00 of 3rd period - Taylor Hall wins face-off versus Erik Haula in Jets zone.
10:25 of 3rd period - Dustin Brown is hit by Kyle Cumiskey and loses puck.
10:48 of 3rd period - Derek Roy is hit by Anthony Stewart and loses puck.
10:59 of 3rd period - Penalty to Marco Scandella is over, Marco Scandella is back on ice.
11:07 of 3rd period - Wrist shot by Marco Scandella.
11:07 of 3rd period - Shot Blocked by Erik Christensen.
11:23 of 3rd period - Anthony Stewart is hit by Lee Stempniak and loses puck.
11:28 of 3rd period - Snap shot by Marcus Johansson.
11:28 of 3rd period - Stopped by James Reimer without a rebound.
11:29 of 3rd period - Derek Roy wins face-off versus Erik Christensen in Devils zone.
11:36 of 3rd period - Snap shot by Dustin Brown.
11:36 of 3rd period - Shot Blocked by Kellan Lain.
11:38 of 3rd period - Snap shot by Benoit Pouliot.
11:38 of 3rd period - Shot Blocked by Karl Alzner.
12:01 of 3rd period - Kurt Sauer is hit by Lee Stempniak and loses puck.
12:32 of 3rd period - Slapshot by Darroll Powe.
12:32 of 3rd period - Stopped by Kari Lehtonen with a rebound.
12:58 of 3rd period - Wrist shot by Johnny Gaudreau.
12:58 of 3rd period - Shot Misses the Net.
13:24 of 3rd period - Lee Stempniak is hit by Matt Duchene and loses puck.
13:37 of 3rd period - Derek Stepan is hit by Peter Prucha and loses puck.
14:16 of 3rd period - Martin St. Louis is hit by Josh Bailey and loses puck.
14:27 of 3rd period - Lee Stempniak is hit by Anthony Stewart and loses puck.
14:32 of 3rd period - Slapshot by Darroll Powe.
14:32 of 3rd period - Stopped by Kari Lehtonen with a rebound.
14:38 of 3rd period - Wrist shot by Brandon Bollig.
14:38 of 3rd period - Deflect By Darroll Powe.
14:38 of 3rd period - Shot Misses the Net.
14:38 of 3rd period - Puck is out of play.
14:39 of 3rd period - Derek Stepan wins face-off versus Jordan Eberle in Jets zone.
15:30 of 3rd period - Slapshot by Darroll Powe.
15:30 of 3rd period - Stopped by Kari Lehtonen with a rebound.
15:33 of 3rd period - Icing by Joe Colborne.
15:34 of 3rd period - Matt Duchene wins face-off versus Joe Colborne in Jets zone.
15:39 of 3rd period - Wrist shot by Matt Duchene.
15:39 of 3rd period - Shot Blocked by Eric Gelinas.
15:41 of 3rd period - Slapshot by Tyler Cuma.
15:41 of 3rd period - Stopped by Kari Lehtonen with a rebound.
15:43 of 3rd period - Wrist shot by Matt Duchene.
15:43 of 3rd period - Stopped by Kari Lehtonen with a rebound.
15:45 of 3rd period - Snap shot by Tyler Cuma.
15:45 of 3rd period - Shot Misses the Net.
15:47 of 3rd period - Snap shot by Ryan Whitney.
15:47 of 3rd period - Shot Blocked by Marcus Johansson.
15:49 of 3rd period - Snap shot by Matt Duchene.
15:49 of 3rd period - Shot Misses the Net.
15:51 of 3rd period - Slapshot by Ryan Whitney.
15:51 of 3rd period - Stopped by Kari Lehtonen without a rebound.
15:52 of 3rd period - Mikko Koivu wins face-off versus Derek Stepan in Jets zone.
16:03 of 3rd period - Snap shot by Alexander Frolov.
16:03 of 3rd period - Stopped by James Reimer without a rebound.
16:04 of 3rd period - Derek Stepan wins face-off versus Matt Duchene in Devils zone.
16:07 of 3rd period - Snap shot by Alexander Frolov.
16:07 of 3rd period - Stopped by James Reimer with a rebound.
16:09 of 3rd period - Slapshot by Shea Weber.
16:09 of 3rd period - Shot Misses the Net.
16:11 of 3rd period - Slapshot by Shea Weber.
16:11 of 3rd period - Deflect By Devin Setoguchi.
16:11 of 3rd period - Shot Misses the Net.
16:11 of 3rd period - Puck is out of play.
16:12 of 3rd period - Matt Duchene wins face-off versus Derek Stepan in Devils zone.
16:29 of 3rd period - Snap shot by Shea Weber.
16:29 of 3rd period - Shot Misses the Net.
17:01 of 3rd period - Matt Duchene is hit by Devin Setoguchi and loses puck.
17:10 of 3rd period - Wrist shot by Derek Stepan.
17:10 of 3rd period - Shot Blocked by Ryan Whitney.
17:12 of 3rd period - Snap shot by Derek Stepan.
17:12 of 3rd period - Shot Misses the Net.
17:14 of 3rd period - Snap shot by Alexander Frolov.
17:14 of 3rd period - Shot Blocked by Tyler Cuma.
17:16 of 3rd period - Snap shot by Devin Setoguchi.
17:16 of 3rd period - Stopped by James Reimer with a rebound.
17:18 of 3rd period - Slapshot by Alexander Frolov.
17:18 of 3rd period - Stopped by James Reimer with a rebound.
17:24 of 3rd period - Snap shot by Devin Setoguchi.
17:24 of 3rd period - Stopped by James Reimer without a rebound.
17:25 of 3rd period - Derek Roy wins face-off versus Mikko Koivu in Devils zone.
17:37 of 3rd period - Minor Penalty to Mikko Koivu for Slashing.
17:38 of 3rd period - Darroll Powe wins face-off versus Derek Roy in Devils zone.
18:13 of 3rd period - Icing by Derek Stepan.
18:14 of 3rd period - Darroll Powe wins face-off versus Alexander Frolov in Jets zone.
19:37 of 3rd period - Penalty to Mikko Koivu is over, Mikko Koivu is back on ice.
Goals for this period are 0 for Devils vs 0 for Jets.
Shots for this period are 9 for Devils vs 7 for Jets.
Back to the Top